3132 views
Uploaded 2020-02-04 15:40:36
Game version 1.32 / 1.32.1
41:45 long 1on1 ladder game on (3)NomadIsles
Saved by BEARAND
3132 views
Uploaded 2020-02-04 15:40:36
Game version 1.32 / 1.32.1
41:45 long 1on1 ladder game on (3)NomadIsles

18 units @ 2k
/ 0.2k
150 buildings @ 6.6k
/ 3.9k



| Scroll of Regeneration | 2 | 200 |
| Potion of Healing | 2 | 300 |
| Staff of Sanctuary | 3 | 750 |
| Orb of Fire | 2 | 650 |
| Lesser Clarity Potion | 1 | 70 |
| Boots of Speed | 3 | 750 |
| Staff of Teleportation | 3 | 450 |
| Periapt of Vitality | 1 | 325 |
| total: | 17 | 3495g |
| Peasant | 14 | 1050 | / | 0 |
| Priest | 1 | 135 | / | 10 |
| Sorceress | 1 | 155 | / | 20 |
| Goblin Shredder | 1 | 375 | / | 100 |
| Goblin Zeppelin | 1 | 240 | / | 60 |
| total: | 18 | 1955g | / | 190w |
| Scout Tower | 138 | 4140 | / | 2760 |
| Arcane Tower | 13 | 910 | / | 650 |
| Guard Tower | 63 | 4410 | / | 3150 |
| Altar of Kings | 1 | 180 | / | 50 |
| Farm | 3 | 240 | / | 60 |
| Lumber Mill | 1 | 120 | / | 0 |
| Arcane Vault | 2 | 260 | / | 60 |
| Town Hall | 4 | 1540 | / | 820 |
| Arcane Sanctum | 1 | 150 | / | 140 |
| Keep | 1 | 320 | / | 210 |
| Castle | 1 | 360 | / | 210 |
| total: | 150 | 6630g | / | 3890w |
| 0:01 | Peasant |
| 0:01 | Peasant |
| 0:06 | Altar of Kings |
| 0:09 | Peasant |
| 0:17 | Farm |
| 0:19 | Peasant |
| 0:26 | Peasant |
| 0:41 | Peasant |
| 0:44 | Farm |
| 0:47 | Scout Tower |
| 0:49 | Peasant |
| 0:59 | Lumber Mill |
| 1:03 | Peasant |
| 1:09 | Peasant |
| 1:15 | Scout Tower |
| 1:26 | Peasant |
| 1:40 | Arcane Tower |
| 1:42 | Peasant |
| 2:12 | Blizzard |
| 2:14 | Guard Tower |
| 2:30 | Peasant |
| 2:31 | Peasant |
| 2:33 | Scout Tower |
| 2:34 | Scout Tower |
| 3:18 | Peasant |
| 3:20 | Guard Tower |
| 3:21 | Scout Tower |
| 3:22 | Scout Tower |
| 3:22 | Scout Tower |
| 3:23 | Scout Tower |
| 3:26 | Brilliance Aura |
| 3:32 | Guard Tower |
| 3:44 | Boots of Speed |
| 3:44 | Staff of Teleportation |
| 3:51 | Arcane Vault |
| 4:06 | Keep |
| 4:07 | Guard Tower |
| 4:19 | Guard Tower |
| 4:23 | Farm |
| 5:15 | Town Hall |
| 5:19 | Scout Tower |
| 5:37 | Scout Tower |
| 5:39 | Scout Tower |
| 5:39 | Scout Tower |
| 5:44 | Scroll of Regeneration |
| 5:48 | Arcane Tower |
| 5:51 | Improved Masonry |
| 5:56 | Guard Tower |
| 6:11 | Guard Tower |
| 6:32 | Scout Tower |
| 6:33 | Scout Tower |
| 6:34 | Scout Tower |
| 6:38 | Scout Tower |
| 6:40 | Blizzard |
| 6:56 | Scroll of Regeneration |
| 7:00 | Guard Tower |
| 7:06 | Guard Tower |
| 7:07 | Scout Tower |
| 7:16 | Improved Lumber Harvesting |
| 7:33 | Storm Bolt |
| 7:43 | Potion of Healing |
| 7:45 | Guard Tower |
| 7:46 | Guard Tower |
| 7:47 | Scout Tower |
| 7:49 | Scout Tower |
| 8:00 | Arcane Sanctum |
| 8:42 | Guard Tower |
| 8:43 | Scout Tower |
| 8:44 | Scout Tower |
| 8:45 | Scout Tower |
| 8:45 | Scout Tower |
| 8:46 | Scout Tower |
| 8:46 | Scout Tower |
| 8:47 | Scout Tower |
| 8:47 | Scout Tower |
| 8:48 | Scout Tower |
| 9:18 | Magic Sentry |
| 9:18 | Priest |
| 9:31 | Goblin Shredder |
| 9:50 | Bash |
| 9:53 | Goblin Zeppelin |
| 10:58 | Castle |
| 10:59 | Advanced Masonry |
| 11:02 | Guard Tower |
| 11:02 | Guard Tower |
| 11:18 | Boots of Speed |
| 11:19 | Staff of Teleportation |
| 11:42 | Arcane Vault |
| 11:43 | Scout Tower |
| 11:44 | Scout Tower |
| 11:44 | Scout Tower |
| 11:45 | Arcane Tower |
| 12:43 | Sorceress |
| 12:43 | Sorceress Adept Training |
| 12:47 | Scout Tower |
| 12:47 | Scout Tower |
| 12:48 | Scout Tower |
| 12:48 | Scout Tower |
| 12:49 | Scout Tower |
| 12:49 | Scout Tower |
| 12:50 | Scout Tower |
| 12:50 | Scout Tower |
| 12:51 | Scout Tower |
| 12:51 | Scout Tower |
| 12:52 | Scout Tower |
| 13:19 | Staff of Sanctuary |
| 13:21 | Orb of Fire |
| 13:30 | Orb of Fire |
| 13:30 | Staff of Sanctuary |
| 13:44 | Guard Tower |
| 13:46 | Guard Tower |
| 13:46 | Guard Tower |
| 14:01 | Guard Tower |
| 14:09 | Guard Tower |
| 14:11 | Scout Tower |
| 14:12 | Scout Tower |
| 14:12 | Scout Tower |
| 14:13 | Scout Tower |
| 14:14 | Scout Tower |
| 14:14 | Scout Tower |
| 14:16 | Scout Tower |
| 14:16 | Scout Tower |
| 14:16 | Scout Tower |
| 14:19 | Staff of Teleportation |
| 14:19 | Boots of Speed |
| 14:45 | Holy Light |
| 14:52 | Brilliance Aura |
| 14:54 | Storm Bolt |
| 15:05 | Town Hall |
| 15:17 | Scout Tower |
| 15:17 | Scout Tower |
| 15:17 | Scout Tower |
| 15:18 | Scout Tower |
| 15:18 | Scout Tower |
| 15:19 | Scout Tower |
| 15:20 | Scout Tower |
| 15:20 | Scout Tower |
| 15:21 | Scout Tower |
| 15:21 | Scout Tower |
| 15:22 | Scout Tower |
| 15:22 | Scout Tower |
| 15:23 | Scout Tower |
| 15:24 | Scout Tower |
| 15:25 | Scout Tower |
| 15:25 | Scout Tower |
| 15:25 | Scout Tower |
| 15:26 | Scout Tower |
| 15:32 | Arcane Tower |
| 16:13 | Divine Shield |
| 16:18 | Guard Tower |
| 16:19 | Arcane Tower |
| 16:19 | Arcane Tower |
| 16:20 | Guard Tower |
| 16:20 | Guard Tower |
| 16:43 | Guard Tower |
| 16:46 | Guard Tower |
| 16:59 | Arcane Tower |
| 17:00 | Guard Tower |
| 17:00 | Guard Tower |
| 17:00 | Guard Tower |
| 17:01 | Guard Tower |
| 17:12 | Lesser Clarity Potion |
| 17:19 | Staff of Sanctuary |
| 17:23 | Potion of Healing |
| 17:36 | Guard Tower |
| 18:19 | Guard Tower |
| 19:26 | Guard Tower |
| 20:02 | Bash |
| 20:13 | Holy Light |
| 20:20 | Guard Tower |
| 20:23 | Guard Tower |
| 20:24 | Scout Tower |
| 20:28 | Scout Tower |
| 20:28 | Scout Tower |
| 20:29 | Scout Tower |
| 20:29 | Scout Tower |
| 20:30 | Scout Tower |
| 20:31 | Scout Tower |
| 20:31 | Scout Tower |
| 21:24 | Guard Tower |
| 21:26 | Scout Tower |
| 21:27 | Scout Tower |
| 21:27 | Scout Tower |
| 21:28 | Scout Tower |
| 21:28 | Scout Tower |
| 21:29 | Scout Tower |
| 21:30 | Scout Tower |
| 21:31 | Scout Tower |
| 21:32 | Scout Tower |
| 21:32 | Scout Tower |
| 21:32 | Scout Tower |
| 21:33 | Scout Tower |
| 21:33 | Scout Tower |
| 21:34 | Scout Tower |
| 21:52 | Brilliance Aura |
| 22:25 | Town Hall |
| 23:13 | Guard Tower |
| 23:30 | Town Hall |
| 23:34 | Scout Tower |
| 23:34 | Scout Tower |
| 23:35 | Scout Tower |
| 23:35 | Scout Tower |
| 23:36 | Scout Tower |
| 23:36 | Scout Tower |
| 23:37 | Scout Tower |
| 23:37 | Scout Tower |
| 23:38 | Scout Tower |
| 23:39 | Scout Tower |
| 23:39 | Scout Tower |
| 23:39 | Scout Tower |
| 23:40 | Scout Tower |
| 23:40 | Scout Tower |
| 23:42 | Scout Tower |
| 23:43 | Scout Tower |
| 23:43 | Scout Tower |
| 23:43 | Scout Tower |
| 23:44 | Scout Tower |
| 23:45 | Scout Tower |
| 23:45 | Scout Tower |
| 23:47 | Scout Tower |
| 23:47 | Scout Tower |
| 23:48 | Scout Tower |
| 23:49 | Scout Tower |
| 23:50 | Scout Tower |
| 23:50 | Scout Tower |
| 24:08 | Guard Tower |
| 24:14 | Arcane Tower |
| 24:16 | Guard Tower |
| 24:16 | Arcane Tower |
| 24:20 | Scout Tower |
| 24:20 | Scout Tower |
| 24:21 | Scout Tower |
| 24:21 | Scout Tower |
| 24:22 | Scout Tower |
| 24:23 | Scout Tower |
| 24:56 | Arcane Tower |
| 25:32 | Guard Tower |
| 25:41 | Guard Tower |
| 25:45 | Guard Tower |
| 25:52 | Guard Tower |
| 25:54 | Arcane Tower |
| 26:13 | Guard Tower |
| 26:16 | Guard Tower |
| 26:25 | Guard Tower |
| 26:39 | Guard Tower |
| 27:38 | Divine Shield |
| 27:47 | Guard Tower |
| 27:50 | Scout Tower |
| 27:51 | Scout Tower |
| 27:51 | Scout Tower |
| 27:52 | Scout Tower |
| 27:52 | Scout Tower |
| 27:53 | Scout Tower |
| 28:00 | Divine Shield |
| 28:13 | Priest Adept Training |
| 28:13 | Sorceress Master Training |
| 28:24 | Arcane Tower |
| 28:24 | Guard Tower |
| 28:25 | Guard Tower |
| 31:16 | Guard Tower |
| 31:17 | Scout Tower |
| 31:17 | Scout Tower |
| 31:18 | Scout Tower |
| 31:19 | Scout Tower |
| 31:19 | Scout Tower |
| 31:20 | Scout Tower |
| 31:20 | Scout Tower |
| 31:21 | Scout Tower |
| 34:18 | Guard Tower |
| 34:44 | Guard Tower |
| 37:05 | Storm Bolt |
| 38:03 | Periapt of Vitality |
| 39:51 | Holy Light |
| Right click | 3310 |
| Select | 988 |
| Select group | 666 |
| Build/train/purchase | 216 |
| Chat | 212 |
| Use ability | 203 |
| Misc. action | 31 |
| Assign group | 21 |
| Item give/drop | 21 |
61 units @ 9.2k
/ 1.1k
45 buildings @ 7.1k
/ 3k



| Boots of Speed | 1 | 250 |
| Periapt of Vitality | 1 | 325 |
| Circlet of Nobility | 1 | 175 |
| total: | 3 | 750g |
| Peon | 21 | 1575 | / | 0 |
| Troll Headhunter | 5 | 700 | / | 100 |
| Grunt | 12 | 2400 | / | 0 |
| Demolisher | 2 | 440 | / | 100 |
| Raider | 5 | 900 | / | 200 |
| Wind Rider | 4 | 1060 | / | 160 |
| Kodo Beast | 3 | 765 | / | 180 |
| Troll Berserker | 2 | 280 | / | 40 |
| Troll Batrider | 7 | 1120 | / | 280 |
| total: | 61 | 9240g | / | 1060w |
| Watch Tower | 17 | 1870 | / | 1360 |
| War Mill | 2 | 410 | / | 0 |
| Altar of Storms | 1 | 180 | / | 50 |
| Orc Burrow | 18 | 2880 | / | 720 |
| Barracks | 1 | 180 | / | 50 |
| Great Hall | 3 | 1155 | / | 555 |
| Voodoo Lounge | 1 | 130 | / | 30 |
| Beastiary | 2 | 290 | / | 280 |
| Stronghold | 1 | 315 | / | 190 |
| Fortress | 1 | 325 | / | 190 |
| total: | 45 | 7095g | / | 3045w |
| 0:19 | War Mill |
| 0:24 | Peon |
| 0:24 | Peon |
| 0:25 | Peon |
| 0:25 | Peon |
| 0:51 | Altar of Storms |
| 1:17 | Pillage |
| 1:33 | Orc Burrow |
| 1:55 | Barracks |
| 2:11 | Orc Burrow |
| 2:52 | Steel Ranged Weapons |
| 2:59 | Peon |
| 3:07 | Peon |
| 3:08 | Peon |
| 3:21 | Orc Burrow |
| 4:07 | Stronghold |
| 4:10 | Troll Headhunter |
| 4:13 | Grunt |
| 4:30 | Healing Wave |
| 4:40 | Grunt |
| 5:51 | Grunt |
| 5:58 | Orc Burrow |
| 6:46 | Peon |
| 6:47 | Peon |
| 6:47 | Peon |
| 6:47 | Peon |
| 6:47 | Peon |
| 6:47 | Peon |
| 8:32 | Grunt |
| 8:33 | Troll Headhunter |
| 8:34 | Demolisher |
| 9:18 | Fortress |
| 9:38 | Serpent Ward |
| 9:47 | Critical Strike |
| 10:36 | Great Hall |
| 10:44 | Berserker Strength |
| 10:46 | Troll Regeneration |
| 10:47 | Grunt |
| 10:47 | Troll Headhunter |
| 11:06 | Beastiary |
| 11:38 | Steel Melee Weapons |
| 11:39 | Thorium Ranged Weapons |
| 11:43 | Steel Armor |
| 12:56 | Serpent Ward |
| 13:14 | Peon |
| 13:15 | Peon |
| 13:15 | Peon |
| 13:15 | Peon |
| 13:16 | Peon |
| 13:24 | Orc Burrow |
| 13:33 | Raider |
| 13:40 | Wind Rider |
| 14:16 | Watch Tower |
| 14:44 | Chain Lighting |
| 15:35 | Reinforced Defenses |
| 15:36 | Thorium Melee Weapons |
| 15:37 | Arcanite Ranged Weapons |
| 15:37 | Thorium Armor |
| 15:38 | Spiked Barricades |
| 15:52 | Orc Burrow |
| 16:06 | Kodo Beast |
| 16:08 | Raider |
| 16:11 | Grunt |
| 16:11 | Troll Headhunter |
| 16:12 | Demolisher |
| 17:21 | Peon |
| 17:21 | Peon |
| 17:22 | Peon |
| 17:29 | Orc Burrow |
| 17:57 | Boots of Speed |
| 18:01 | Periapt of Vitality |
| 18:14 | Circlet of Nobility |
| 19:45 | War Drums Damage Increase |
| 19:45 | Envenomed Spears |
| 19:45 | Ensnare |
| 19:58 | Voodoo Lounge |
| 20:05 | Orc Burrow |
| 20:17 | Troll Headhunter |
| 20:17 | Grunt |
| 20:18 | Berserker Upgrade |
| 20:21 | Raider |
| 20:23 | Wind Rider |
| 20:24 | Kodo Beast |
| 20:43 | Watch Tower |
| 21:02 | Watch Tower |
| 21:58 | Great Hall |
| 22:39 | Watch Tower |
| 22:59 | Troll Berserker |
| 22:59 | Grunt |
| 23:06 | Raider |
| 23:27 | Orc Burrow |
| 23:34 | Orc Burrow |
| 23:37 | Orc Burrow |
| 25:17 | Orc Burrow |
| 25:22 | Orc Burrow |
| 25:35 | War Mill |
| 25:47 | Beastiary |
| 25:50 | Grunt |
| 25:58 | Wind Rider |
| 26:09 | Orc Burrow |
| 26:13 | Orc Burrow |
| 26:17 | Orc Burrow |
| 26:24 | Orc Burrow |
| 26:32 | Orc Burrow |
| 27:54 | Mirror Image |
| 28:14 | Watch Tower |
| 28:20 | Watch Tower |
| 28:30 | Watch Tower |
| 29:21 | Burning Oil |
| 29:24 | Arcanite Melee Weapons |
| 29:24 | Arcanite Armor |
| 29:25 | Improved Spiked Barricades |
| 29:29 | Liquid Fire |
| 29:35 | Troll Batrider |
| 29:36 | Troll Batrider |
| 29:37 | Troll Batrider |
| 29:38 | Troll Batrider |
| 29:38 | Troll Batrider |
| 29:38 | Troll Batrider |
| 31:57 | Watch Tower |
| 32:03 | Watch Tower |
| 34:00 | Grunt |
| 34:01 | Troll Berserker |
| 34:09 | Troll Batrider |
| 34:10 | Kodo Beast |
| 34:10 | Wind Rider |
| 34:11 | Raider |
| 35:58 | Great Hall |
| 36:12 | Watch Tower |
| 36:16 | Watch Tower |
| 36:22 | Watch Tower |
| 37:19 | Watch Tower |
| 37:30 | Watch Tower |
| 37:38 | Watch Tower |
| 38:01 | Watch Tower |
| 38:11 | Watch Tower |
| 38:20 | Grunt |
| 38:21 | Grunt |
| 38:55 | Backpack |
| Right click | 416 |
| Select | 294 |
| Build/train/purchase | 107 |
| Use ability | 32 |
| Misc. action | 10 |
โ